Map: Moondance

Players

imaCheeeeeze - Winner!

  • Race: Zerg Zerg
  • League: Silver
  • Spawn Location: 6:00

Trollage

  • Race: Protoss Protoss
  • League: Silver
  • Spawn Location: 12:00

VOD

Have the link to the VOD?

Description

Time

  • Played on: Sept. 3, 2022, 11:52 p.m.
  • Length: 15:35
Show
View Real Time Build Order
Export as new Build Order

imaCheeeeeze Zerg - Winner!

Build Orders: Pool First 

Get SALT Encoding   

  12  0:01  Drone  
  13  0:12  Overlord  
  13  0:24  Drone  
  14  0:29  Extractor  
  13  0:38  Spawning Pool  
  12  0:46  Drone  
  12  0:47  Drone  
  14  1:08  Drone  
  15  1:25  Queen  
  17  1:26  Zergling x6  
  20  1:41  Zergling x2  
  21  1:48  Zergling x2  
  22  2:03  Hatchery  
  21  2:09  Metabolic Boost  
  21  2:31  Overlord  
  21  2:42  Drone  
  22  2:49  Queen  
  24  2:54  Drone x2  
  24  2:55  Drone  
  24  2:56  Drone  
  28  3:12  Drone  
  29  3:21  Roach Warren  
  29  3:22  Drone x2  
  30  3:33  Queen  
  32  3:36  Overlord  
  32  3:40  Zergling x2  
  33  3:42  Drone  
  34  3:53  Drone x2  
  34  3:54  Overlord  
  36  4:00  Drone  
  36  4:01  Drone  
  38  4:07  Drone x2  
  38  4:08  Drone  
  41  4:15  Overlord  
  41  4:21  Drone  
  42  4:36  Drone x3  
  42  4:37  Drone x2  
  47  4:45  Drone x2  
  49  4:47  Drone  
  49  4:48  Drone  
  49  4:49  Drone  
  49  4:52  Lair  
  52  5:01  Hatchery  
  52  5:05  Extractor  
  52  5:06  Extractor  
  49  5:09  Extractor  
  49  5:11  Roach  
  49  5:12  Roach x2  
  54  5:21  Evolution Chamber  
  54  5:23  Evolution Chamber, Overlord  
  52  5:30  Queen  
  52  5:35  Drone x3  
  57  5:36  Overlord  
  57  5:40  Zergling x6  
  60  5:51  Overlord x2  
  59  6:13  Zerg Missile Weapons Level 1  
  59  6:17  Zerg Ground Armor Level 1  
  59  6:22  Drone  
  59  6:23  Drone  
  61  6:26  Queen  
  61  6:30  Drone x2  
  61  6:31  Overseer  
  65  6:33  Drone  
  65  6:35  Drone  
  65  6:36  Drone x3  
  65  6:37  Drone x2  
  72  6:54  Hydralisk Den  
  72  6:56  Infestation Pit  
  70  7:06  Drone  
  71  7:10  Spire  
  70  7:22  Hatchery  
  69  7:27  Hatchery  
  68  7:32  Drone x2  
  68  7:35  Zergling x2  
  68  7:37  Zergling x2  
  72  7:38  Zergling x2  
  72  7:42  Drone x2  
  75  8:06  Grooved Spines  
  75  8:07  Glial Reconstitution  
  75  8:11  Hive  
  75  8:15  Extractor  
  75  8:16  Extractor  
  75  8:17  Extractor  
  75  8:18  Drone x3  
  75  8:19  Extractor  
  74  8:31  Drone  
  74  8:32  Drone x6  
  81  8:41  Zerg Ground Armor Level 2  
  81  8:42  Zerg Missile Weapons Level 2  
  81  8:43  Hydralisk  
  81  8:44  Hydralisk x4, Roach x4  
  81  8:45  Overlord, Roach  
  81  8:46  Overlord x3  
  101  9:03  Queen  
  103  9:10  Drone  
  103  9:15  Drone x2  
  103  9:16  Drone  
  107  9:18  Muscular Augments  
  107  9:23  Corruptor  
  107  9:24  Greater Spire, Corruptor x3  
  107  9:27  Drone x2  
  107  9:28  Drone  
  107  9:30  Drone  
  119  9:34  Drone x3  
  119  9:35  Overlord, Corruptor  
  119  9:36  Overlord x3  
  124  9:40  Overseer  
  124  9:48  Hydralisk x2, Roach x3  
  124  9:50  Overlord x2  
  134  10:10  Extractor  
  134  10:12  Spore Crawler  
  134  10:13  Hydralisk x4, Roach x2  
  134  10:14  Roach x3  
  148  10:18  Drone  
  148  10:19  Drone x3  
  154  10:25  Drone x3  
  156  10:33  Queen  
  156  10:35  Zergling x6  
  151  11:07  Hydralisk  
  151  11:08  Hydralisk x4, Roach x2  
  151  11:09  Hydralisk x2, Roach x5  
  151  11:10  Corruptor  
  181  11:17  Overlord  
  181  11:18  Overlord x2  
  181  11:26  Zerg Ground Armor Level 3  
  181  11:48  Brood Lord x2  
  181  11:49  Brood Lord  
  181  11:53  Zerg Flyer Armor Level 1  
  187  12:08  Drone x5  
  192  12:29  Hatchery  
  191  12:34  Hatchery  
  189  12:45  Hydralisk  
  189  12:46  Zergling x4, Hydralisk, Roach x2  
  199  13:20  Zerg Melee Weapons Level 1  
  199  13:22  Adrenal Glands  
  199  13:55  Zergling x4, Hydralisk  
  153  14:37  Hydralisk x2  
  153  14:38  Zergling x4, Roach  
  149  14:50  Zergling x4, Hydralisk x4  
  149  14:51  Zergling x2, Hydralisk x3, Roach x4  
  149  14:52  Zergling x4, Hydralisk x4, Roach x3  
  182  14:53  Zergling x8, Hydralisk, Roach x4  
  182  14:59  Zergling x2  
Show
View Real Time Build Order
Export as new Build Order

Trollage Protoss 

Build Orders:  

Get SALT Encoding   

  12  0:12  Probe (Chrono Boost)  
  14  0:21  Probe (Chrono Boost)  
  14  0:25  Pylon  
  14  0:44  Forge  
  14  1:04  Probe (Chrono Boost)  
  15  1:14  Probe (Chrono Boost)  
  16  1:19  Probe (Chrono Boost)  
  17  1:30  Probe  
  18  1:38  Pylon  
  18  1:42  Probe  
  18  1:46  Gateway  
  19  1:54  Pylon  
  18  1:59  Pylon  
  18  2:07  Photon Cannon  
  18  2:12  Pylon  
  18  2:19  Photon Cannon  
  18  2:21  Photon Cannon  
  18  2:25  Photon Cannon  
  18  2:30  Photon Cannon  
  18  2:40  Cybernetics Core  
  18  2:53  Pylon  
  18  3:00  Assimilator  
  18  3:17  Probe (Chrono Boost)  
  19  3:24  Shield Battery  
  20  3:27  Probe (Chrono Boost), Shield Battery  
  20  3:32  Probe (Chrono Boost)  
  21  3:44  Probe  
  22  3:56  Probe  
  22  3:58  Photon Cannon  
  23  4:08  Assimilator, Probe  
  24  4:19  Photon Cannon  
  24  4:20  Shield Battery  
  24  4:24  Shield Battery  
  24  4:45  Stalker (Chrono Boost)  
  26  4:55  Pylon  
  26  4:59  Pylon  
  26  5:12  Stalker (Chrono Boost)  
  28  5:16  Robotics Facility  
  28  5:23  Photon Cannon  
  28  5:26  Photon Cannon  
  28  5:30  Pylon  
  28  5:48  Nexus  
  28  6:00  Photon Cannon  
  28  6:04  Photon Cannon  
  28  6:13  Photon Cannon  
  28  6:17  Shield Battery  
  28  6:22  Shield Battery  
  28  6:26  Warp Gate  
  28  6:30  Photon Cannon  
  28  6:41  Protoss Ground Weapons Level 1 (Chrono Boost)  
  28  6:51  Immortal (Chrono Boost)  
  32  6:59  Probe  
  33  7:30  Nexus  
  33  7:36  Probe  
  34  7:39  Sentry  
  36  7:45  Observer  
  37  8:05  Sentry  
  39  8:06  Probe (Chrono Boost)  
  40  8:16  Probe (Chrono Boost)  
  40  8:19  Robotics Bay  
  41  8:20  Pylon  
  41  8:21  Probe (Chrono Boost)  
  42  8:33  Probe  
  43  8:42  Protoss Ground Armor Level 1  
  43  8:45  Probe  
  44  8:49  Twilight Council  
  44  8:52  Photon Cannon  
  44  8:56  Photon Cannon  
  44  8:58  Warp Prism  
  46  9:05  Probe (Chrono Boost)  
  48  9:10  Probe (Chrono Boost)  
  48  9:15  Probe (Chrono Boost)  
  49  9:17  Extended Thermal Lance  
  49  9:19  Probe (Chrono Boost)  
  49  9:22  Probe (Chrono Boost)  
  49  9:24  Probe (Chrono Boost)  
  53  9:31  Probe  
  53  9:35  Probe  
  55  9:38  Observer  
  55  9:43  Probe  
  56  9:47  Probe  
  57  9:55  Probe  
  57  9:57  Assimilator  
  57  9:59  Probe  
  59  10:30  Stalker  
  51  10:58  Colossus  
  51  11:03  Stalker  
  59  11:06  Probe  
  60  11:19  Probe  
  61  11:30  Gateway  
  61  11:31  Probe, Gateway  
  62  11:36  Pylon  
  62  11:43  Probe, Pylon  
  63  11:50  Colossus (Chrono Boost)  
  68  12:02  Stalker  
  68  12:07  Protoss Shields Level 1  
  70  12:09  Gateway  
  70  12:16  Gateway  
  70  12:25  Stalker  
  72  12:35  Immortal  
  76  12:43  Stalker  
  76  12:44  Stalker x2  
  76  12:59  Sentry  
  76  13:00  Sentry  
  80  13:09  Charge  
  80  13:14  Immortal  
  82  13:36  Stalker x3  
  82  13:37  Stalker x2  
  88  13:51  Disruptor (Chrono Boost)  
  46  14:10  Zealot x3  
  46  14:11  Zealot x2  
  42  14:32  Zealot  
  42  14:33  Stalker x3  
Tags
 
Matchup
PvZ
Opening
Pool First
Spawn Locations
Cross Positions
Add a new tag
Caveats
  • Supply blocks, unpowered buildings, or Contaminate may cause inaccurate times.
  • Supply counts are checked every 10 seconds.